 Dungeon Crawl Stone Soup version 0.27-a0-686-gaed091b46b (webtiles) character file.

Game seed: 1462300556814003331

116 dolemite99 the Poker (level 4, 0/33 HPs)
             Began as a Demonspawn Gladiator on Mar 21, 2021.
             Was an Initiate of Ashenzari.
             Succumbed to a kobold's poison
             ... on level 3 of the Dungeon.
             The game lasted 00:04:40 (3085 turns).

dolemite99 the Poker (Demonspawn Gladiator)         Turns: 3085, Time: 00:04:41

Health: 0/33       AC: 14    Str: 16    XL:     4   Next: 70%
Magic:  4/4        EV:  7    Int:  9    God:    Ashenzari [......]
Gold:   76         SH:  0    Dex: 14    Spells: 3/3 levels left

rFire    . . .     SeeInvis .   a - +0 trident
rCold    . . .     Faith    .   (no shield)
rNeg     . . .     Spirit   .   k - +0 shadow dragon scales
rPois    .         Reflect  .   c - +1 helmet
rElec    .         Harm     .   (no cloak)
rCorr    .         Rampage  .   (no gloves)
Will     +....                  (no boots)
Stlth    ++........             (no amulet)
HPRegen  0.11/turn              n - ring of willpower
MPRegen  0.09/turn              (no ring)

@: lethally poisoned (0 -> -5)
A: thin metallic scales 1
a: Renounce Religion, Curse Item


You were on level 3 of the Dungeon.
You worshipped Ashenzari.
Ashenzari was noncommittal.
You visited 1 branch of the dungeon, and saw 3 of its levels.

You collected 99 gold pieces.
You spent 23 gold pieces at shops.

Inventory:

Hand Weapons
 a - a +0 trident (weapon)
Missiles
 d - 3 throwing nets (quivered)
 i - 88 stones
 m - 23 sling bullets
Armour
 c - a +1 helmet (worn)
 k - +0 shadow dragon scales (worn)
Jewellery
 n - a ring of willpower (right hand)
Scrolls
 b - a scroll of identify {@r1}
 e - a scroll of vulnerability
 f - 2 scrolls of teleportation
 j - a scroll of blinking
 l - a scroll of amnesia
Potions
 h - a potion of attraction


   Skills:
 - Level 2.0 Fighting
 + Level 5.0 Polearms
 - Level 1.7 Throwing
 - Level 2.6 Dodging


You had 3 spell levels left.
You didn't know any spells.
Your spell library contained the following spells:

 Spells                   Type           Power      Damage    Failure   Level
 Animate Skeleton         Necr           0%         N/A       100%        1
 Apportation              Tloc           0%         N/A       100%        1
 Corona                   Hex            0%         N/A       100%        1
 Summon Small Mammal      Summ           0%         N/A       100%        1
 Confusing Touch          Hex            0%         N/A       100%        3
 Gell's Gravitas          Tloc           0%         N/A       100%        3
 Petrify                  Tmut/Erth      0%         N/A       100%        4
 Metabolic Englaciation   Hex/Ice        0%         N/A       100%        5
 Yara's Violent Unravell  Hex/Tmut       0%         3d3       100%        5


Dungeon Overview and Level Annotations

Branches:
Dungeon (3/15)

Altars:
Ashenzari
Dithmenos
Hepliaklqana
Makhleb
Uskayaw

Shops:
D:2 *

Annotations:
D:3 Sigmund


Innate Abilities, Weirdness & Mutations

You are partially covered in thin metallic scales. (AC +2)


Message History

Sigmund is moderately wounded.
Sigmund gestures at you while chanting.
The magic dart hits you but does no damage.
The kobold barely misses you. The goblin barely misses you.
Sigmund hits you with a +4 scythe.
You closely miss Sigmund.
Sigmund is moderately wounded.
The goblin barely misses you. The kobold hits you but does no damage.
Sigmund hits you but does no damage.
You hit Sigmund.
Sigmund is heavily wounded.
The goblin hits you with a +0 dagger. The kobold completely misses you.
Sigmund barely misses you.
You hit Sigmund.
Sigmund is severely wounded.
The kobold hits you but does no damage. The goblin hits you but does no damage.
Sigmund gestures at himself while chanting.
Sigmund flickers and vanishes!
Deactivating autopickup; reactivate with Ctrl-A.
You hit something. The goblin hits you but does no damage.
The kobold hits you but does no damage. Something hits you!
You barely miss the kobold. The goblin hits you but does no damage.
The kobold hits you but does no damage. Something hits you.
* * * LOW HITPOINT WARNING * * *
You closely miss the kobold. The goblin hits you but does no damage.
The kobold hits you but does no damage. Something hits you but does no damage.
You miss the kobold.
The kobold throws a poisoned dart.
The poisoned dart barely misses you.
The poisoned dart barely misses the kobold.
The goblin barely misses you. The kobold completely misses you.
Something hits you!
* * * LOW HITPOINT WARNING * * *
You closely miss the kobold.
The kobold throws a poisoned dart.
The poisoned dart hits you!
You are lethally poisoned!
The goblin hits you with a +0 dagger.
* * * LOW HITPOINT WARNING * * *
The kobold hits you but does no damage. Something hits you but does no damage.
You hit the kobold but do no damage.
You die...

#.####'.###.###.. #
#..# .# #..###'###
#..###_'..
#+.###'### #..# .#
#..###.###.#
..###+###..........#
#...K{@K....#####
#....g#####+# #.....
#..... #..... #.?...
#####. #.


You could see a goblin and 2 kobolds.

Vanquished Creatures
  A hound (D:2)
  2 adders (D:2)
  An ooze (D:1)
  A worm (D:2)
  2 dart slugs
  2 leopard geckos (D:2)
  A ball python (D:1)
  3 giant cockroaches
  7 hobgoblins
  2 jackals (D:2)
  5 bats
  A frilled lizard (D:1)
  7 goblins
  10 kobolds
  7 rats
52 creatures vanquished.

Vanquished Creatures (others)
  A worm (D:3)
1 creature vanquished.

Grand Total: 53 creatures vanquished

Notes
Turn   | Place    | Note
-------+----------+-------------------------------------------
     0 | D:1      | dolemite99 the Demonspawn Gladiator began the quest for the
                  | Orb.
     0 | D:1      | Reached XP level 1. HP: 16/16 MP: 1/1
   291 | D:1      | Reached skill level 3 in Polearms
   348 | D:1      | Gained mutation: You are partially covered in thin metallic
                  | scales. (AC +2) [demonic ancestry]
   348 | D:1      | Reached XP level 2. HP: 22/22 MP: 2/2
  1447 | D:1      | Reached XP level 3. HP: 27/27 MP: 3/3
  1641 | D:2      | Found a shadowy altar of Dithmenos.
  1672 | D:2      | Found a broken altar of Ashenzari.
  1676 | D:2      | Found a hide-covered altar of Uskayaw.
  1680 | D:2      | Became a worshipper of Ashenzari the Shackled
  1776 | D:2      | Reached skill level 4 in Polearms
  1932 | D:2      | Found Nuoghoaf's Assorted Antiques.
  2182 | D:2      | Bought a scroll labelled XAMANU REHUSM for 23 gold pieces
  2273 | D:2      | Reached XP level 4. HP: 33/33 MP: 4/4
  2273 | D:2      | Found a burning altar of Makhleb.
  2820 | D:3      | Reached skill level 5 in Polearms
  3050 | D:3      | Found a hazy altar of Hepliaklqana.
  3061 | D:3      | Noticed Sigmund
  3084 | D:3      | HP: 1/33 [goblin/+0 dagger (1)]
  3085 | D:3      | Succumbed to a kobold's poison

Illustrated notes

Levels and vault maps discovered:
D:1:      minmay_arrival_checkered_box, layout_basic, grunt_decor_junction
D:2:      layout_basic, nicolae_overflow_hidden_temple,
          makhleb_heckhound_becter, minitemple, serial_shops, shop
D:3:      layout_basic, chequers_temple_overflow_minitemple,
          lemuel_doored_altar, gammafunk_temple_overflow_elements,
          serial_rivers, chequers_serial_rivers_room_a,
          chequers_serial_rivers_micro_b, chequers_serial_rivers_large_a,
          chequers_serial_rivers_room_b, chequers_serial_rivers_room_b,
          chequers_serial_rivers_small_a, lightli_corner_chamber, uniq_sigmund

Skill      XL: |  1  2  3  4 |
---------------+-------------+-----
Polearms       | 3 4 5 |  5.0
Fighting       | |  2.0
Throwing       | |  1.7
Dodging        | |  2.6

Action                   |  1- 3 |  4- 6 || total
-------------------------+-------+-------++-------
Melee: Trident           |   133 |    65 ||   198
  Use: Scroll            |     1 |       ||     1
       Potion            |       |     1 ||     1
 Stab: Sleeping          |     6 |     4 ||    10
Armor: Leather armour    |     5 |       ||     5
       Chain mail        |    44 |       ||    44
       Shadow dragon sca |    60 |    59 ||   119
Dodge: Dodged            |    53 |    30 ||    83

Table legend: (Time is in decaauts)
 A = Elapsed time spent in this place.
 B = Non-inter-level travel time spent in this place.
 C = Inter-level travel time spent in this place.
 D = Time resting spent in this place.
 E = Time spent auto-exploring this place.
 F = Levels seen in this place.
 G = Mean time per level.
                   A        B        C        D        E       F      G
               +--------+--------+--------+--------+--------+-----+--------+
         Total |   3103 |   3074 |     29 |   1239 |   1261 |   3 | 1034.3 |
       Dungeon |   3103 |   3074 |     29 |   1239 |   1261 |   3 | 1034.3 |
               +--------+--------+--------+--------+--------+-----+--------+

Top non-repeatable levels by time:
     D:1: 1464 daAuts
     D:2: 1272 daAuts
     D:3: 366 daAuts
